 Dungeon Crawl Stone Soup version 0.19.0-19-g8c6edcc (webtiles) character file.

135662 Chiseanne the Severer (level 16, -2/223 HPs)
             Began as a Minotaur Berserker on Nov 14, 2016.
             Was a High Priest of Trog.
             Slain by a redback (9 damage)
             ... while paralysed
             ... on level 4 of the Spider Nest.
             The game lasted 01:34:45 (18894 turns).

Chiseanne the Severer (Minotaur Berserker)         Turns: 18894, Time: 01:34:45

Health: -2/223     AC: 11    Str: 29      XL:     16   Next: 65%
Magic:  0/19       EV:  2    Int:  3 (4)  God:    Trog [*****.]
Gold:   324        SH:  0    Dex: 22      Spells: 0 memorised, 15 levels left

rFire  . . .     SeeInvis .     a - +3 battleaxe (flame)
rCold  . . .     Gourm    .     Z - +1 robe of Contentment {rElec rPois Regen+ Dex+4}
rNeg   . . .     Faith    .     (shield currently unavailable)
rPois  +         Spirit   .     (helmet restricted)
rElec  +         Reflect  .     q - +1 cloak
rCorr  .         Harm     .     P - +1 pair of gloves
MR     +++..                    J - +1 pair of boots {Fly}
Stlth  ..........               Y - amulet of regeneration
                                V - +5 ring of evasion
                                E - +3 ring of dexterity

@: paralysed, berserking (expiring), lethally poisoned (-2 -> -3), flying,
fainting, regenerating
A: retaliatory headbutt, horns 2
a: Berserk, Trog's Hand, Brothers in Arms, Burn Spellbooks, Renounce Religion,
Stop Flying


You were on level 4 of the Spider Nest.
You worshipped Trog.
Trog was extremely pleased with you.
You were fainting.

You visited 4 branches of the dungeon, and saw 27 of its levels.
You also visited: Labyrinth and Volcano.

You collected 2706 gold pieces.
You spent 2382 gold pieces at shops.

Inventory:

Hand Weapons
 a - a +3 battleaxe of flaming (weapon)
 d - the +7 scimitar "Jutaxuar" {flame, *Corrode +Inv Int+5 Dex+4}
   (You found it in a labyrinth)

   It has been specially enchanted to burn those struck by it, causing extra
   injury to most foes and up to half again as much damage against particularly
   susceptible opponents.
   Big, fiery blades are also staple armaments of hydra-hunters.
   It affects your intelligence (+5).
   It affects your dexterity (+4).
   It lets you turn invisible.
   It may corrode you when you take damage.
 s - a +2 eveningstar of protection
 D - a +6 longbow of flaming {god gift}
 I - a +4 blowgun
Missiles
 b - 8 curare-tipped needles
 e - 5 javelins
 g - 7 javelins of returning {god gift}
 r - 6 steel javelins {god gift}
 w - 28 tomahawks (quivered)
 x - a throwing net {!*}
 y - 2 javelins of penetration {god gift}
 U - 4 steel tomahawks
Armour
 q - a +1 cloak (worn)
 J - a +1 pair of boots of flying (worn)
 P - a +1 pair of gloves (worn)
 Z - the +1 robe of Contentment (worn) {rElec rPois Regen+ Dex+4}
   (You found it on level 1 of the Lair of Beasts)

   It affects your dexterity (+4).
   It insulates you from electricity.
   It protects you from poison.
   It increases your rate of regeneration.
Rods
 S - a +5 lightning rod (11/11)
   (You found it in a labyrinth)
 T - a +0 rod of ignition (1/13)
   (You found it in a labyrinth)
Jewellery
 E - a +3 ring of dexterity (left hand)
 L - an uncursed ring of protection from fire
 V - a +5 ring of evasion (right hand)
 Y - an amulet of regeneration (around neck)
Wands
 u - a wand of heal wounds (4/9)
 F - a wand of teleportation (2/9)
 K - a wand of disintegration (5/24)
Scrolls
 h - a scroll of identify
 j - 2 scrolls of remove curse
 o - a scroll of fog
 v - 4 scrolls of immolation
 H - a scroll of teleportation
 M - a scroll of recharging
 Q - a scroll of magic mapping
Potions
 f - 3 potions of haste
 i - 6 potions of heal wounds
 n - 8 potions of brilliance
 p - 2 potions of cancellation
 t - 17 potions of curing
 B - 3 potions of agility
Miscellaneous
 m - a phial of floods (inert)
Comestibles
 c - 7 bread rations
 k - 5 beef jerkies
 l - 11 meat rations
 z - 5 slices of pizza
 C - 8 royal jellies
 G - 8 fruits


   Skills:
 - Level 15.3 Fighting
 * Level 18.2(18.5) Axes
   Level 6.1(13.5) Polearms
 - Level 9.0 Throwing
 - Level 11.1 Armour
 * Level 17.7 Dodging
 * Level 6.0 Evocations


You had 15 spell levels left.
You didn't know any spells.

Dungeon Overview and Level Annotations

Branches:
Dungeon (15/15)            Temple (0/1) D:6            Lair (6/6) D:8
 Shoals (0/4) Lair:2       Spider (4/4) Lair:4          Orc (2/2) D:10
    Elf (0/3) Orc:2        Vaults (0/5) D:13         Depths (0/5) D:15
  Slime: Lair:5-6

Altars:
Elyvilon
Gozag
Hepliaklqana
Nemelex Xobeh
Qazlal
Trog
Xom
Zin
Beogh

Shops:
D:4 =   D:13 :   Orc:1 =   Orc:2 !%[:[

Portals:
Pandemonium: Orc:2


Innate Abilities, Weirdness & Mutations

You reflexively headbutt those who attack you in melee.
You have a pair of horns on your head.


Message History

You feel your power leaking away.
You feel the effects of Trog's Hand fading.
You feel sick. The redback bites you.
* * * LOW HITPOINT WARNING * * *
The emperor scorpion stings you!
* * * LOW HITPOINT WARNING * * *
The emperor scorpion claws you.
* * * LOW HITPOINT WARNING * * *
The emperor scorpion claws you but does no damage.
You feel sick. The redback bites you!
* * * LOW HITPOINT WARNING * * *
You feel you are being watched by something.
You feel your power leaking away. The redback bites you!
* * * LOW HITPOINT WARNING * * *
The emperor scorpion stings you but does no damage.
The emperor scorpion claws you but does no damage.
The emperor scorpion barely misses you.
You feel sick. The redback bites you!
You die...

^# #..≈###..# ##....##
.####≈.†.####**#.....#
..# ##....# *,*##.≈..##
..# ##....#**,* ###..≈#
..###.##...##+##**##.≈#
..''..##...##...,*#≈..#
..''.......##$.y,*#≈..###
..''.....^###..s#####...#
..###.....#**,,#@s.##...#
..# ##≈...≈#*,,#'^.....≈#
..# *#...≈#*,y.##≈....##
.## *##.≈##...,####..# .#
**,..##.^.,* *#.## )#
***≈,,######****..# ##
**≈≈,,,***** ***≈.≈# #
**,,,,***,,,***≈,,..# #
*,,,,≈**,≈≈,**,,,,,##


You could see an emperor scorpion, a hornet and a redback.

Vanquished Creatures
  Arachne (Spider:4)
  Jorgrun (Spider:4)
  Rupert (D:13)
  Asterion (Spider:3)
  Frances (D:13)
  Kirke (Lair:4)
  5 emperor scorpions
  A ghost moth (Spider:4)
  Louise (Spider:3)
  A stone giant (Orc:1)
  4 entropy weavers
  A dire elephant (D:15)
  2 spark wasps
  Snorg (D:13)
  A minotaur (Lab)
  Josephine (Lair:5)
  5 hydras
  An ice dragon (Lair:6)
  3 centaur warriors (D:13)
  A catoblepas (Lair:5)
  Urug (D:12)
  3 orc high priests (Orc:2)
  A soul eater (Orc:2)
  The ghost of Chiseanne the Shield-Bearer, a novice VSAM of Qazlal (D:9)
  2 skeletal warriors (Volcano)
  3 anaconda skeletons (Volcano)
  3 hill giants
  3 torturous demonspawn (Orc:2)
  2 lindwurms (Lair:6)
  5 orc knights
  The ghost of Chiseanne the Skirmisher, a novice VSAM of Makhleb (D:7)
  15 orb spiders
  8 ugly things
  9 orc sorcerers (Orc:2)
  An oklob plant (D:11)
  19 wolf spiders
  2 deep elf magi
  2 manticores
  A cyclops (D:9)
  An elephant (D:8)
  4 slime creatures (D:11)
  A moth of wrath (Spider:3)
  A rust devil (Orc:2)
  Joseph (D:7)
  6 torpor snails (Lair:6)
  2 orange demons (Orc:2)
  10 spiny frogs
  A smoke demon (Orc:2)
  5 gargoyles (Volcano)
  2 kobold demonologists (D:13)
  5 rime drakes
  10 komodo dragons
  A queen bee (D:8)
  12 demonic crawlers
  2 hellwings (Orc:2)
  3 meliai (D:14)
  12 hornets
  22 jumping spiders
  4 trolls
  3 tyrant leeches (Lair:6)
  2 harpy skeletons (Volcano)
  A two-headed ogre (D:13)
  8 blink frogs
  9 hippogriffs
  A snapping turtle (Lair:2)
  2 alligator skeletons (Volcano)
  16 tarantellas
  2 spriggans (Lair:3)
  A shadow (D:11)
  45 redbacks
  2 vampires
  A flying skull (Volcano)
  4 wyverns
  Sigmund (D:6)
  2 hogs (Lair:4)
  16 humans (D:13)
  4 wraiths
  20 yaks
  3 basilisks
  2 hungry ghosts (Lab)
  A steam dragon (D:10)
  A vampire mosquito (D:9)
  A mottled dragon (D:13)
  4 wargs
  7 swamp worms (Lair:2)
  12 water moccasins
  4 porcupines
  A hornet zombie (D:11)
  2 black bears
  3 phantoms
  A sky beast (D:7)
  38 orc warriors
  7 ogres
  A boggart (Lair:3)
  11 centaurs
  An eye of draining (D:14)
  9 crocodiles
  4 big kobolds
  17 bullfrogs
  A wyvern skeleton (D:12)
  2 scorpions
  27 killer bees
  2 electric eels (Lair:2)
  A howler monkey (D:7)
  A spriggan skeleton (Volcano)
  A bullfrog zombie (D:6)
  3 centaur zombies
  9 crimson imps
  32 orc wizards
  5 hounds
  3 centaur skeletons
  23 orc priests
  3 bullfrog skeletons
  10 iguanas
  12 worker ants
  A killer bee zombie (D:10)
  A hound zombie (D:11)
  3 naga skeletons (Volcano)
  A worker ant zombie (D:11)
  6 gnolls
  7 adders
  A howler monkey skeleton (D:5)
  3 shadow imps
  An ooze (D:4)
  14 worms
  3 dart slugs (D:1)
  A leopard gecko (D:1)
  75 orcs
  4 ball pythons
  A giant cockroach (D:3)
  11 goblins
  6 hobgoblins
  5 jackals
  4 quokkas
  6 bats
  3 frilled lizards
  18 kobolds
  8 rats
  5 plants
814 creatures vanquished.

Vanquished Creatures (others)
  A hornet (Spider:4)
  2 humans (Lair:4)
  3 fungi (Lair:6)
  10 plants
16 creatures vanquished.

Grand Total: 830 creatures vanquished

Notes
Turn   | Place    | Note
-------+----------+-------------------------------------------
     0 | D:1      | Chiseanne the Minotaur Berserker began the quest for the Orb.
     0 | D:1      | Reached XP level 1. HP: 19/19 MP: 0/0
   351 | D:1      | Reached XP level 2. HP: 19/27 MP: 1/1
   826 | D:1      | Reached XP level 3. HP: 20/33 MP: 2/2
   862 | D:2      | Reached ** piety under Trog
   873 | D:2      | Found a sparkling altar of Nemelex Xobeh.
   941 | D:2      | Reached skill level 4 in Axes
  1169 | D:2      | Reached XP level 4. HP: 32/40 MP: 3/3
  1258 | D:3      | Found a hazy altar of Hepliaklqana.
  1259 | D:3      | Found a shimmering altar of Xom.
  1259 | D:3      | Noticed a yak
  1260 | D:3      | Noticed a yak
  1260 | D:3      | Noticed a spectral ugly thing
  1382 | D:3      | Reached XP level 5. HP: 45/47 MP: 4/4
  2203 | D:3      | Reached *** piety under Trog
  2338 | D:4      | Found a glowing silver altar of Zin.
  2391 | D:4      | Found an opulent altar of Gozag.
  2537 | D:4      | Found Guam's Jewellery Boutique.
  2541 | D:4      | Bought a cursed ring of loudness for 49 gold pieces
  2541 | D:4      | Bought a cursed amulet of inaccuracy for 22 gold pieces
  2553 | D:5      | Entered Level 5 of the Dungeon
  2621 | D:5      | Noticed a phantom
  2630 | D:5      | Killed a phantom
  2630 | D:5      | Reached skill level 5 in Fighting
  2630 | D:5      | Reached skill level 5 in Axes
  2630 | D:5      | Reached XP level 6. HP: 48/56 MP: 5/5
  2979 | D:6      | Found a staircase to the Ecumenical Temple.
  2990 | D:6      | Reached XP level 7. HP: 61/61 MP: 6/6
  3009 | D:6      | Noticed Sigmund
  3019 | D:6      | Killed Sigmund
  3019 | D:6      | Reached skill level 5 in Armour
  3019 | D:6      | Reached skill level 5 in Dodging
  3034 | D:6      | Reached skill level 6 in Axes
  3077 | D:7      | Noticed Chiseanne's ghost (novice VSAM)
  3297 | D:7      | Noticed Joseph
  3311 | D:7      | Killed Joseph
  3311 | D:7      | Reached XP level 8. HP: 36/71 MP: 7/7
  3440 | D:7      | Reached skill level 7 in Axes
  3675 | D:7      | Killed Chiseanne's ghost
  3696 | D:7      | Reached XP level 9. HP: 66/80 MP: 8/8
  3710 | D:7      | Reached skill level 8 in Axes
  4069 | D:8      | Noticed a queen bee
  4087 | D:8      | Killed a queen bee
  4119 | D:8      | Reached skill level 9 in Axes
  4582 | D:8      | Found a staircase to the Lair.
  4583 | D:8      | Noticed an elephant
  4603 | D:8      | Reached XP level 10. HP: 83/91 MP: 9/9
  4641 | D:8      | Killed an elephant
  5076 | D:9      | Found a stormy altar of Qazlal.
  5077 | D:9      | Found a white marble altar of Elyvilon.
  5187 | D:9      | Paralysed by a hornet for 1 turns
  5565 | D:9      | Noticed a cyclops
  5585 | D:9      | Noticed a hill giant
  5592 | D:9      | Killed a hill giant
  5592 | D:9      | Reached skill level 10 in Fighting
  5632 | D:9      | Reached skill level 10 in Axes
  5642 | D:9      | Killed a cyclops
  5642 | D:9      | Reached skill level 10 in Armour
  6010 | D:9      | Noticed Chiseanne's ghost (novice VSAM)
  6021 | D:9      | Killed Chiseanne's ghost
  6161 | D:10     | Entered Level 10 of the Dungeon
  6176 | D:10     | Reached **** piety under Trog
  6176 | D:10     | Reached XP level 11. HP: 101/101 MP: 10/10
  6358 | D:10     | Found a staircase to the Orcish Mines.
  6579 | D:10     | Reached skill level 10 in Dodging
  7048 | Lair:1   | Entered Level 1 of the Lair of Beasts
  7201 | Lair:1   | Reached skill level 11 in Axes
  7392 | Lair:1   | Got a thick robe
  7405 | Lair:1   | Identified the cursed +1 robe of Contentment {rElec rPois Regen+ Dex+4} (You found it on level 1 of the Lair of Beasts)
  7652 | Lair:1   | Reached skill level 1 in Polearms
  8344 | Lair:2   | Found a staircase to the Shoals.
  9064 | Lair:3   | Reached XP level 12. HP: 109/112 MP: 11/11
  9083 | Lair:3   | Found a dark tunnel.
  9095 | Volcano  | Entered a volcano
  9149 | Volcano  | Reached skill level 5 in Polearms
  9735 | Lair:3   | Reached skill level 12 in Axes
  9840 | Lair:4   | Found a hole to the Spider Nest.
  9951 | Lair:4   | Noticed Kirke
  9961 | Lair:4   | Killed Kirke
 10027 | Lair:4   | Reached XP level 13. HP: 103/123 MP: 12/12
 10539 | Lair:5   | Reached skill level 13 in Axes
 10610 | Lair:5   | Noticed Josephine
 10616 | Lair:5   | Killed Josephine
 10753 | Lair:6   | Entered Level 6 of the Lair of Beasts
 11311 | Lair:6   | Found a bloodstained altar of Trog.
 11577 | Lair:6   | Found a runed door.
 11801 | Lair:6   | Reached skill level 14 in Axes
 11816 | Lair:6   | Paralysed by a hornet for 3 turns
 11824 | Lair:6   | Reached skill level 15 in Fighting
 12216 | Orc:1    | Entered Level 1 of the Orcish Mines
 12218 | Orc:1    | Noticed a stone giant
 12230 | Orc:1    | Killed a stone giant
 12533 | Orc:1    | Found Biokhug's Jewellery Boutique.
 12540 | Orc:1    | Bought a cursed -2 ring of intelligence for 30 gold pieces
 12540 | Orc:1    | Bought a +5 ring of evasion for 825 gold pieces
 12672 | Orc:2    | Entered Level 2 of the Orcish Mines
 12672 | Orc:2    | Found a labyrinth entrance.
 12678 | Lab      | Entered a labyrinth
 12825 | Lab      | Noticed a minotaur
 12835 | Lab      | Killed a minotaur
 12835 | Lab      | Reached XP level 14. HP: 124/135 MP: 13/13
 12843 | Lab      | Identified a +0 rod of ignition (13/13) (You found it in a labyrinth)
 12847 | Lab      | Got a transparent pewter ring
 12861 | Lab      | Identified the ring "Vaesuune" {*Contam MR+ Str+3 Int+3} (You found it in a labyrinth)
 12883 | Lab      | Got a crystal scimitar
 12884 | Lab      | Identified the +7 scimitar "Jutaxuar" {flame, *Corrode +Inv Int+5 Dex+4} (You found it in a labyrinth)
 12910 | Orc:2    | Gained mutation: You expend magic power (3 MP) to strengthen your wands. [mutagenic glow]
 13049 | Orc:2    | Found a bloodstained altar of Trog.
 13096 | Orc:2    | Reached ***** piety under Trog
 13197 | Orc:2    | Found a roughly hewn altar of Beogh.
 13239 | Orc:2    | Found a staircase to the Elven Halls.
 13346 | Orc:2    | Reached skill level 1 in Throwing
 13378 | Orc:2    | Found Heexoeck's Distillery.
 13380 | Orc:2    | Found Tosmaax's Food Shop.
 13497 | Orc:2    | Bought a potion of haste for 140 gold pieces
 13497 | Orc:2    | Bought a potion of cancellation for 112 gold pieces
 13497 | Orc:2    | Bought a potion of cure mutation for 350 gold pieces
 13497 | Orc:2    | Bought a potion of heal wounds for 70 gold pieces
 13497 | Orc:2    | Bought a potion of curing for 42 gold pieces
 13497 | Orc:2    | Bought a potion of curing for 42 gold pieces
 13497 | Orc:2    | Bought a potion of curing for 42 gold pieces
 13497 | Orc:2    | Bought 2 potions of curing for 84 gold pieces
 13497 | Orc:2    | Bought a potion of brilliance for 56 gold pieces
 13497 | Orc:2    | Bought a potion of haste for 140 gold pieces
 13497 | Orc:2    | Bought a potion of curing for 42 gold pieces
 13497 | Orc:2    | Bought a potion of brilliance for 56 gold pieces
 13777 | Orc:2    | Reached skill level 15 in Axes
 13795 | Orc:2    | Found Uwyhu's Armour Emporium.
 14089 | Orc:2    | Reached skill level 15 in Dodging
 14100 | Orc:2    | Found Ystead's Book Shoppe.
 14100 | Orc:2    | Found a one-way gate leading to the halls of Pandemonium.
 14100 | Orc:2    | Found Beang's Antique Armour Emporium.
 14257 | D:11     | Received a gift from Trog
 14283 | D:11     | Found a stormy altar of Qazlal.
 14326 | D:11     | Reached skill level 5 in Throwing
 14739 | D:12     | Identified a scroll of acquirement
 14801 | D:12     | Noticed Urug
 14818 | D:12     | Killed Urug
 14907 | D:13     | Found a gate to the Vaults.
 14907 | D:13     | Noticed Rupert
 14917 | D:13     | Killed Rupert
 15043 | D:13     | Noticed Snorg
 15050 | D:13     | Reached skill level 16 in Axes
 15050 | D:13     | Reached XP level 15. HP: 141/141 MP: 14/14
 15053 | D:13     | Killed Snorg
 15087 | D:13     | Noticed Frances
 15104 | D:13     | Killed Frances
 15214 | D:13     | Found Ibiys's Book Emporium.
 15336 | D:13     | Received a gift from Trog
 15823 | D:14     | Received a gift from Trog
 15912 | D:15     | Entered Level 15 of the Dungeon
 15943 | D:15     | Found a staircase to the Depths.
 16062 | D:15     | Lost mutation: You expend magic power (3 MP) to strengthen your wands. [potion of cure mutation]
 16308 | Orc:2    | Bought a jewelled leather armour for 280 gold pieces
 16319 | Orc:2    | Identified the cursed +1 leather armour of Fashionability {*Corrode rElec Dex+7} (You bought it in a shop on level 2 of the Orcish Mines)
 16576 | Spider:1 | Entered Level 1 of the Spider Nest
 16585 | Spider:1 | Received a gift from Trog
 16997 | Spider:2 | Reached skill level 17 in Axes
 17375 | Spider:3 | Noticed Asterion
 17380 | Spider:3 | Noticed Mara
 17382 | Spider:3 | Reached skill level 1 in Evocations
 17383 | Spider:3 | Noticed Louise
 17383 | Spider:3 | Noticed an Executioner
 17386 | Spider:3 | Killed Asterion
 17391 | Spider:3 | Noticed Chiseanne's illusion
 17495 | Spider:4 | Entered Level 4 of the Spider Nest
 17495 | Spider:4 | Noticed Arachne
 17523 | Spider:3 | Killed Louise
 17555 | Spider:3 | Got a distressingly furry large shield
 17594 | Spider:4 | Reached XP level 16. HP: 64/149 MP: 16/16
 17871 | Spider:4 | Received a gift from Trog
 18129 | Spider:4 | Killed Arachne
 18226 | Spider:4 | Noticed Jorgrun
 18252 | Spider:4 | Killed Jorgrun
 18265 | Spider:4 | Reached skill level 5 in Evocations
 18350 | Spider:4 | Reached skill level 18 in Axes
 18356 | Spider:4 | Received a gift from Trog
 18500 | Spider:4 | Identified the +2 large shield of Distant Shores {*Slow rF+ rCorr} (You took it off Louise on level 3 of the Spider Nest)
 18600 | Spider:4 | Got a spiked ring mail
 18604 | Spider:4 | Identified the +5 ring mail "Jydghid" {rElec Int-4 Slay+2} (You found it on level 4 of the Spider Nest)
 18890 | Spider:4 | Paralysed by fainting for 9 turns
 18893 | Spider:4 | HP: 6/223 [redback (8)]
 18894 | Spider:4 | Slain by a redback

Skill      XL: |  1  2  3  4  5  6  7  8  9 10 11 12 13 14 15 16 |
---------------+-------------------------------------------------+-----
Armour         | 3 4 6 7 9 10 11 | 11.1
Fighting       | 4 5 6 7 9 10 12 13 15 | 15.3
Axes           | 4 5 6 7 9 10 11 12 14 16 17 18 | 18.2
Dodging        | 3 4 5 6 8 9 11 12 14 15 16 17 | 17.7
Polearms       | 4 6 |  6.1
Throwing       | 6 9 |  9.0
Evocations     | 2 6 |  6.0

Action                   |  1- 3 |  4- 6 |  7- 9 | 10-12 | 13-15 | 16-18 || total
-------------------------+-------+-------+-------+-------+-------+-------++-------
Melee: Hand axe          |    70 |    99 |   128 |     5 |       |       ||   302
       Headbutt          |     7 |    24 |    40 |   190 |   315 |    71 ||   647
       Dire flail        |       |       |    11 |    23 |       |       ||    34
       Quarterstaff      |       |       |    58 |   532 |   307 |       ||   897
       Glaive            |       |       |       |     6 |       |       ||     6
       Battleaxe         |       |       |       |    17 |   643 |   230 ||   890
       Eveningstar       |       |       |       |       |    21 |     7 ||    28
Throw: Tomahawk          |       |     1 |       |    15 |    69 |    57 ||   142
       Stone             |       |       |     1 |       |       |       ||     1
       Throwing net      |       |       |     1 |       |       |       ||     1
Invok: Berserk           |       |     1 |     2 |     9 |    17 |     4 ||    33
       Trog's Hand       |       |       |    10 |    26 |    45 |     8 ||    89
       Burn Spellbooks   |       |       |       |       |     3 |     1 ||     4
Evoke: Wand              |       |       |       |    10 |    12 |     7 ||    29
       Rod               |       |       |       |       |     9 |     5 ||    14
       Phial of floods   |       |       |       |       |       |     1 ||     1
  Use: Scroll            |       |     8 |     5 |    18 |    22 |     5 ||    58
       Potion            |       |       |       |     1 |     7 |       ||     8
 Stab: Sleeping          |       |     1 |       |     2 |     6 |       ||     9
       Petrified         |       |       |       |       |     7 |       ||     7
       Distracted        |       |       |       |       |     3 |       ||     3
       Invisible         |       |       |       |       |     1 |       ||     1
  Eat: Chunk             |     1 |    17 |     9 |    27 |    51 |    10 ||   115
       Fruit             |       |       |       |     3 |    12 |       ||    15
Armor: Animal skin       |     8 |     5 |       |       |       |       ||    13
       Ring mail         |       |    11 |       |       |       |       ||    11
       Scale mail        |       |     4 |   103 |   117 |       |       ||   224
       Robe              |       |       |       |    69 |   168 |    44 ||   281
Dodge: Dodged            |    53 |    71 |   186 |   644 |  1602 |   392 ||  2948
